 Dungeon Crawl Stone Soup version 0.27-a0-836-gfc908b8576 (webtiles) character file.

Game seed: 13172684867550516912

37 gruber the Slasher (level 3, 22/28 HPs)
             Began as a Djinni Gladiator on Apr 1, 2021.
             Quit the game on level 2 of the Dungeon on Apr 2, 2021.
             The game lasted 00:02:11 (1207 turns).

gruber the Slasher (Djinni Gladiator)               Turns: 1207, Time: 00:02:11

Health: 22/28      AC:  4    Str: 13    XL:     3   Next: 41%
Gold:   57         EV: 12    Int: 10    God:
                   SH:  0    Dex: 14

rFire    + + .     SeeInvis .   a - +0 long sword
rCold    x . .     Faith    .   (no shield)
rNeg     . . .     Spirit   .   b - +0 leather armour
rPois    ∞         Reflect  .   c - +0 helmet
rElec    .         Harm     .   (no cloak)
rCorr    .         Rampage  .   (no gloves)
Will     .....                  (boots unavailable)
Stlth    +.........             (no amulet)
HPRegen  0.09/turn              (no ring)
MPRegen  0.00/turn              (no ring)

@: flying
A: fire resistance 2, cold vulnerability 1, float, innate caster, hp casting,
extra vitality 1
a: no special abilities


You were on level 2 of the Dungeon.
You visited 1 branch of the dungeon, and saw 2 of its levels.

You collected 57 gold pieces.

Inventory:

Hand Weapons
 a - a +0 long sword (weapon)
Missiles
 d - 3 throwing nets (quivered)
Armour
 b - a +0 leather armour (worn)
 c - a +0 helmet (worn)
Scrolls
 e - a scroll of teleportation {unknown}
 f - a scroll of immolation {unknown}
 g - a scroll of acquirement {unknown}
 h - a scroll of identify {unknown}
Potions
 i - a potion of curing {unknown}


   Skills:
 - Level 2.0 Fighting
 + Level 4.0 Long Blades
 - Level 1.5 Throwing
 - Level 3.2 Dodging


You had one spell level left.
You knew the following spells:

 Your Spells              Type           Power      Damage    Failure   Level
a - Freeze                Ice            0%         1d3       43%         1
Your spell library was empty.

Dungeon Overview and Level Annotations

Branches:
Dungeon (2/15)

Altars:


Innate Abilities, Weirdness & Mutations

You are immune to poison.
Your flesh is very heat resistant. (rF++)
You are vulnerable to cold. (rC-)
You float through the air rather than walking.
You learn spells naturally, not from books.
Your magical power is your life essence.
You have superior vitality. (+4 HP)


Message History

An endoplasm is nearby!
You slash the endoplasm!
You kill the endoplasm!
Your Long Blades skill increases to level 4!
No target in view!
No target in view!
No target in view!
There is a shaft here.
You now have 57 gold pieces (gained 6).
There is a stone staircase leading down here.
An endoplasm comes into view.
An endoplasm is nearby!
An endoplasm is nearby!
An endoplasm is nearby!
An endoplasm is nearby!
The endoplasm quivers.
The endoplasm hits you.
You hit the endoplasm.
The endoplasm is lightly wounded.
The endoplasm barely misses you.
You riposte.
You hit the endoplasm but do no damage.
The endoplasm is lightly wounded.
You hit the endoplasm.
The endoplasm is severely wounded.
The endoplasm freezes you.
You are frozen.
You feel a terrible chill!
You hit the endoplasm.
You kill the endoplasm!
No target in view!
No target in view!
No target in view!
No target in view!
No target in view!
No target in view!
No target in view!
No target in view!
No target in view!
No target in view!
No target in view!
Are you sure you want to abandon this character and quit the game? (Confirm with "yes".)

.......# ....##.# #
....##.# .# .......###
#####.### ....##...##
#........
....##.#..######........
..^.##.##.>............≈
....##.#########.......≈
.#####.. #@......≈ ...#
... #........ ........
#........ .......#.
#........ ...####
#######.. ...# # ....
...##


There were no monsters in sight!

Vanquished Creatures
  An adder (D:2)
  A dart slug (D:1)
  5 endoplasms
  A goblin (D:1)
  3 hobgoblins (D:1)
  A quokka (D:1)
  5 ball pythons
  2 bats (D:1)
  3 kobolds (D:1)
  4 rats
26 creatures vanquished.

Notes
Turn   | Place    | Note
-------+----------+-------------------------------------------
     0 | D:1      | gruber the Djinni Gladiator began the quest for the Orb.
     0 | D:1      | Reached XP level 1. HP: 18/18 MP: 0/0
   106 | D:1      | Reached skill level 3 in Long Blades
   179 | D:1      | Reached XP level 2. HP: 6/23 MP: 0/0
   951 | D:1      | Reached XP level 3. HP: 28/28 MP: 0/0
   951 | D:1      | Learned a level 1 spell: Freeze
  1085 | D:2      | Reached skill level 4 in Long Blades
  1207 | D:2      | Quit the game

Illustrated notes

Levels and vault maps discovered:
D:1:      minmay_arrival_solitary_statue, layout_loops_cross
D:2:      layout_rooms, marbit_many_paths, gammafunk_temple_overflow_statue,
          serial_rivers, chequers_serial_rivers_micro_e,
          chequers_serial_rivers_micro_e, chequers_serial_rivers_large_a,
          chequers_serial_rivers_small_b, minmay_misc_feat_iff

Skill      XL: |  1  2  3 |
---------------+----------+-----
Long Blades    | 3 4 |  4.0
Fighting       | |  2.0
Throwing       | |  1.5
Dodging        | |  3.2

Action                   || total
-------------------------++-------
Melee: Long sword        ||    64
 Stab: Sleeping          ||     1
Armor: Leather armour    ||    22
Dodge: Dodged            ||    41
       Rpst.: Long sword ||     7

Table legend: (Time is in decaauts)
 A = Elapsed time spent in this place.
 B = Non-inter-level travel time spent in this place.
 C = Inter-level travel time spent in this place.
 D = Time resting spent in this place.
 E = Time spent auto-exploring this place.
 F = Levels seen in this place.
 G = Mean time per level.
                   A        B        C        D        E       F      G
               +--------+--------+--------+--------+--------+-----+--------+
         Total |   1221 |   1199 |     22 |      0 |   1035 |   2 |  610.5 |
       Dungeon |   1221 |   1199 |     22 |      0 |   1035 |   2 |  610.5 |
               +--------+--------+--------+--------+--------+-----+--------+

Top non-repeatable levels by time:
     D:1: 1062 daAuts
     D:2: 158 daAuts
